 Dungeon Crawl Stone Soup version 0.29.1-12-g30fa7ad0bf (console) character file.

Game seed: 11587365863687069678

20 BabyfaceFinlayson the Sneak (level 2, 0/13 HPs)
             Began as a Spriggan Enchanter on Jan 4, 2023.
             Slain by a kobold
             ... wielding a +0 short sword
              (3 damage)
             ... on level 2 of the Dungeon.
             The game lasted 00:04:15 (1054 turns).

BabyfaceFinlayson the Sneak (Spriggan Enchanter)    Turns: 1054, Time: 00:04:15

Health: 0/13       AC:  2    Str:  4    XL:     2   Next: 58%
Magic:  7/7        EV: 17    Int: 16    God:
Gold:   31         SH:  0    Dex: 15    Spells: 7/7 levels left

rFire   . . .      SeeInvis +   a - +1 dagger
rCold   . . .      Faith    .   (no shield)
rNeg    . . .      Spirit   .   b - +0 robe
rPois   .          Reflect  .   (helmet restricted)
rElec   .          Harm     .   (no cloak)
rCorr   .          Rampage  .   (gloves unavailable)
Will    .....                   (boots unavailable)
Stlth   +++.......              d - amulet of the acrobat
HPRegen 0.04/turn               (no ring)
MPRegen 0.10/turn               (no ring)

@: very quick
A: very small, no large weapons, unfitting armour, see invisible, speed 3
a: no special abilities


You were on level 2 of the Dungeon.
You visited 1 branch of the dungeon, and saw 2 of its levels.

You collected 31 gold pieces.

Inventory:

Hand Weapons
 a - a +1 dagger (weapon)
Armour
 b - a +0 robe (worn)
Jewellery
 d - an amulet of the acrobat (around neck)
Scrolls
 e - a scroll of blinking {unknown}
 g - a scroll of vulnerability {unknown}
 h - a scroll of noise {unknown}
 i - a scroll of poison {unknown}
 j - a scroll of identify {unknown}
 k - a scroll of magic mapping {unknown}
Potions
 c - 2 potions of invisibility
 f - a potion of haste {unknown}


   Skills:
 + Level 1.4 Short Blades
 + Level 3.2 Dodging
 + Level 4.5 Stealth
 * Level 0.1 Unarmed Combat
 + Level 3.0 Spellcasting
 + Level 3.9 Hexes


You had 7 spell levels left.
You didn't know any spells.
Your spell library contained the following spells:

 Spells                   Type           Power      Damage    Failure   Level
 Confusing Touch          Hex            15%        N/A       11%         3
 Tukima's Dance           Hex            15%        N/A       11%         3
 Ensorcelled Hibernation  Hex/Ice        16%        N/A       12%         2
 Dazzling Flash           Conj/Hex       16%        N/A       24%         3


Dungeon Overview and Level Annotations

Branches:
Dungeon (2/15)

Altars:


Innate Abilities, Weirdness & Mutations

You are very small and have problems with some larger weapons.
You are too small for most types of armour.
You have supernaturally acute eyesight. (SInv)
You cover ground extremely quickly. (Speed+++)


Message History

The adder hisses angrily.
The adder bites you.
You hit the adder.
The adder is moderately wounded.
The adder completely misses you.
You miss the adder.
The adder is moderately wounded.
The adder bites you. The adder closely misses you.
You hit the adder.
The adder is heavily wounded.
The adder bites you but does no damage.
You closely miss the adder.
The adder is heavily wounded.
The adder completely misses you.
You hit the adder.
The adder is severely wounded.
The adder closely misses you. The adder bites you but does no damage.
The adder barely misses you.
You barely miss the adder.
The adder is severely wounded.
The adder barely misses you. x2
You hit the adder.
You kill the adder!
The adder completely misses you.
You hit the kobold but do no damage. The adder completely misses you.
The kobold closely misses you.
You barely miss the kobold. The adder misses you.
The kobold closely misses you.
You barely miss the kobold. The adder completely misses you.
The adder closely misses you. The kobold closely misses you.
You closely miss the kobold. The adder closely misses you.
The kobold hits you with a +0 short sword.
You hit the kobold but do no damage. The adder bites you.
* * * LOW HITPOINT WARNING * * *
The kobold barely misses you.
You barely miss the kobold. The adder closely misses you.
You barely miss the kobold. The adder barely misses you. The kobold misses you.
You hit the kobold but do no damage. The adder misses you.
The kobold hits you with a +0 short sword.
You die...

.# #.......#..... ..
+.............. #.
#..(........... #.
#..............
######.##.......#######
#........##.##<...##
+........##........#
#........#######...#
............wJK@...#
#......).....###S..#
#............# .......
#............# .......
#............# .......
#............# .......
..w...##.....# .......
.....# #.....# .......
..... .....#


You could see an adder, a dart slug, an endoplasm and a kobold.

Vanquished Creatures
  An adder (D:2)
  2 endoplasms (D:1)
  A giant cockroach (D:1)
  2 goblins
  2 hobgoblins
  A bat (D:2)
  A kobold (D:1)
10 creatures vanquished.

Notes
Turn   | Place    | Note
-------+----------+-------------------------------------------
     0 | D:1      | BabyfaceFinlayson the Spriggan Enchanter began the quest
                  | for the Orb.
     0 | D:1      | Reached XP level 1. HP: 9/9 MP: 5/5
   214 | D:1      | Found a faded altar of an unknown god.
   214 | D:1      | Noticed a cacodemon
   999 | D:2      | Reached XP level 2. HP: 13/13 MP: 7/7
  1054 | D:2      | Slain by a kobold

Illustrated notes

Levels and vault maps discovered:
D:1:      dpeg_arrival_simpleton_c, layout_basic,
          dreamdust_ecumenical_altar_sealed_demon
D:2:      layout_basic, uniq_sigmund

Skill      XL: |  1 |
---------------+----+-----
Spellcasting   | 3 |  3.0
Dodging        | 3 |  3.2
Short Blades   | |  1.4
Stealth        | |  4.5
Unarmed Combat | |  0.1
Hexes          | |  3.9

Action                   || total
-------------------------++-------
Melee: Dagger            ||    63
 Stab: Sleeping          ||     1
Armor: Robe              ||     3
Dodge: Dodged            ||    69
